 Dungeon Crawl Stone Soup version 0.21-a0-94-gdd6ab6a (webtiles) character file.

75 tilp the Firebug (level 4, 0/33 HPs)
             Began as a Hill Orc Fire Elementalist on July 1, 2017.
             Succumbed to an adder's poison
             ... on level 1 of the Dungeon.
             The game lasted 00:06:11 (2003 turns).

tilp the Firebug (Hill Orc Fire Elementalist)       Turns: 2003, Time: 00:06:12

Health: 0/33       AC:  2    Str: 10    XL:     4   Next: 31%
Magic:  1/7        EV: 12    Int: 16    God:
Gold:   52         SH:  0    Dex: 11    Spells: 4/8 levels left

rFire    . . .     SeeInvis .   d - +0 dagger
rCold    . . .     Gourm    .   (no shield)
rNeg     . . .     Faith    .   a - +0 robe
rPois    .         Spirit   .   (no helmet)
rElec    .         Reflect  .   (no cloak)
rCorr    .         Harm     .   (no gloves)
MR       .....                  (no boots)
Stlth    ++........             (no amulet)
HPRegen  0.11/turn              (no ring)
MPRegen  0.10/turn              (no ring)

@: lethally poisoned (0 -> -2)
A: no striking features
a: no special abilities


You were on level 1 of the Dungeon.
You were not hungry.

You visited 1 branch of the dungeon, and saw 2 of its levels.

You collected 52 gold pieces.

Inventory:

Hand Weapons
 d - a +0 dagger (weapon)
Armour
 a - a +0 robe (worn)
Jewellery
 e - an uncursed amulet of faith {unknown}
Scrolls
 f - a scroll of remove curse {unknown}
 g - 2 scrolls of identify
 i - 3 scrolls of amnesia
 j - 2 scrolls of teleportation
 k - a scroll of enchant weapon {unknown}
 l - a scroll of immolation {unknown}
 o - a scroll of fog {unknown}
Potions
 h - a potion of flight
Books
 b - a book of Flames

   Spells                             Type                      Level
   a - Flame Tongue                   Conjuration/Fire             1
   b - Throw Flame                    Conjuration/Fire             2
   c - Conjure Flame                  Conjuration/Fire             3
   d - Inner Flame                    Hexes/Fire                   3
   e - Sticky Flame                   Conjuration/Fire             4
   f - Fireball                       Conjuration/Fire             5
Comestibles
 c - a bread ration
 m - 2 fruits
 n - 4 chunks of flesh


   Skills:
 + Level 0.2 Short Blades
 - Level 1.5 Dodging
 - Level 1.5 Stealth
 * Level 2.5 Spellcasting
 * Level 2.0 Conjurations
 + Level 4.1 Fire Magic


You had 4 spell levels left.
You knew the following spells:

 Your Spells              Type           Power        Failure   Level  Hunger
a - Flame Tongue          Conj/Fire      ##...        5%          1    #......
b - Conjure Flame         Conj/Fire      ##......     17%         3    ###....


Dungeon Overview and Level Annotations

Branches:
Dungeon (2/15)

Altars:
Ashenzari


Message History

You feel sick. The bat hits you but does no damage.
Your magical contamination has completely faded away.
* * * LOW HITPOINT WARNING * * *
You feel sick. The bat hits you but does no damage.
There is an escape hatch in the ceiling here.
* * * LOW HITPOINT WARNING * * *
You feel sick. The bat hits you but does no damage.
A mysterious force pulls you upwards. The hatch slams shut behind you.
Okay, then.
* * * LOW HITPOINT WARNING * * *
You feel sick.
* * * LOW HITPOINT WARNING * * *
You feel sick.
Eat one of 5 chunks of flesh? (ye/n/q)
You eat one of the 5 chunks of flesh.
This raw flesh tastes terrible.
* * * LOW HITPOINT WARNING * * *
You feel sick.
* * * LOW HITPOINT WARNING * * *
You feel sick.
You die...

.....###'##.#####.....##
...................>...#
.......................#
...........(.).........##
........................#
........................#
...(................).(.#
.....###................#
....(# #........@......##
.....# #...............#
.....# #...............#
.....# #..........(...[#
.....###...............#
.......#.......(.......#
......###..............#
...............#########
.....###########


There were no monsters in sight!

Vanquished Creatures
  3 adders (D:2)
  An ooze (D:1)
  A worm (D:2)
  A dart slug (D:1)
  A leopard gecko (D:1)
  10 bats
  A giant cockroach (D:1)
  2 hobgoblins (D:2)
  10 kobolds
  A quokka (D:2)
  A ball python (D:1)
  4 frilled lizards
  A goblin (D:1)
  5 rats
42 creatures vanquished.

Notes
Turn   | Place    | Note
-------+----------+-------------------------------------------
     0 | D:1      | tilp the Hill Orc Fire Elementalist began the quest for the Orb.
     0 | D:1      | Reached XP level 1. HP: 14/14 MP: 3/3
   510 | D:1      | Reached XP level 2. HP: 16/20 MP: 4/4
  1055 | D:1      | Reached XP level 3. HP: 26/26 MP: 3/5
  1056 | D:1      | Reached skill level 4 in Fire Magic
  1061 | D:1      | Learned a level 3 spell: Conjure Flame
  1287 | D:2      | Found a shattered altar of Ashenzari.
  1885 | D:2      | Reached XP level 4. HP: 28/33 MP: 4/7
  1999 | D:1      | HP: 1/33 [poisoned by an adder]
  2003 | D:1      | Succumbed to an adder's poison

Vault maps used:
D:1:      evilmike_arrival_plus
D:2:      ashenzari_altar_1

Skill      XL: |  1  2  3  4 |
---------------+-------------+-----
Fire Magic     | 4 |  4.1
Spellcasting   | 2 |  2.5
Conjurations   | 2 |  2.0
Short Blades   | |  0.2
Dodging        | |  1.5
Stealth        | |  1.5

Action                   |  1- 3 |  4- 6 || total
-------------------------+-------+-------++-------
Melee: Dagger            |    88 |    11 ||    99
 Cast: Flame Tongue      |    54 |    12 ||    66
  Use: Scroll            |     3 |       ||     3
 Stab: Sleeping          |     1 |       ||     1
  Eat: Chunk             |     4 |     1 ||     5
Armor: Robe              |    30 |    10 ||    40
Dodge: Dodged            |    93 |    22 ||   115
